 Dungeon Crawl Stone Soup version 0.21.0-3-g78d12a8 (webtiles) character file.

33 tidbits the Sneak (level 3, 0/18 HPs)
             Began as a Vine Stalker Wizard on Jan 10, 2018.
             Succumbed to an orc's poison
             ... on level 3 of the Dungeon.
             The game lasted 00:04:12 (556 turns).

tidbits the Sneak (Vine Stalker Wizard)              Turns: 556, Time: 00:04:13

Health: 0/18       AC:  3    Str: 10    XL:     3   Next: 29%
Magic:  6/8        EV: 11    Int: 18    God:
Gold:   48         SH:  0    Dex: 12    Spells: 7/8 levels left

rFire    . . .     SeeInvis .   m - +2 hand axe (venom)
rCold    . . .     Gourm    .   (no shield)
rNeg     . . .     Faith    .   B - +0 leather armour
rPois    .         Spirit   +   b - +0 hat
rElec    .         Reflect  .   (no cloak)
rCorr    .         Harm     .   (no gloves)
MR       .....                  (no boots)
Stlth    ++........             (no amulet)
HPRegen  0.06/turn              (no ring)
MPRegen  0.11/turn              (no ring)

@: lethally poisoned (0 -> -6), very slightly contaminated
A: fangs 2, magic shield, antimagic bite, no potion heal 3, rot immunity
a: no special abilities


You were on level 3 of the Dungeon.
You were not hungry.

You visited 1 branch of the dungeon, and saw 3 of its levels.

You collected 48 gold pieces.

Inventory:

Hand Weapons
 a - a +0 dagger
 i - a cursed -2 short sword
 m - a +2 hand axe of venom (weapon)
   (You took it off an orc on level 3 of the Dungeon)
Missiles
 e - 7 poisoned needles
 g - 4 stones (quivered)
 j - 17 arrows
 k - 10 sling bullets
Armour
 b - a +0 hat (worn)
 f - a +0 robe
 B - a +0 leather armour (worn)
Scrolls
 l - a scroll of fog {unknown}
Potions
 h - a potion of magic
Books
 c - a book of Minor Magic

   Spells                             Type                      Level
   a - Magic Dart                     Conjuration                  1
   b - Blink                          Translocation                2
   c - Call Imp                       Summoning                    2
   d - Slow                           Hexes                        2
   e - Conjure Flame                  Conjuration/Fire             3
   f - Mephitic Cloud                 Conjuration/Poison/Air       3
Comestibles
 d - a ration


   Skills:
 + Level 1.6 Fighting
 - Level 1.5 Dodging
 + Level 3.7 Stealth
 - Level 3.2 Spellcasting
 - Level 1.0 Conjurations
   Level 1.0 Summonings
   Level 1.0 Translocations


You had 7 spell levels left.
You knew the following spells:

 Your Spells              Type           Power        Failure   Level  Hunger
a - Magic Dart            Conj           #...         14%         1    None


Dungeon Overview and Level Annotations

Branches:
Dungeon (2/15)

Altars:


Innate Abilities, Weirdness & Mutations

You have extremely sharp teeth.
When hurt, damage is shared between your health and your magic reserves.
Your bite disrupts and absorbs the magic of your enemies.
Potions cannot restore your health.
You are immune to rotting.


Message History

Aiming: Magic Dart
Press: ? - help, Shift-Dir - straight line, f/p - orc
Aim: an orc, wielding a hand axe of venom (moderately wounded)
The magic dart hits the orc.
The orc is heavily wounded.
The orc misses you.
Casting: Magic Dart
Confirm with . or Enter, or press ? or * to list all spells.
Aiming: Magic Dart
Press: ? - help, Shift-Dir - straight line, f/p - orc
Aim: an orc, wielding a hand axe of venom (heavily wounded)
The magic dart hits the orc.
The orc is severely wounded.
The orc hits you but does no damage.
You are poisoned.
Casting: Magic Dart
Confirm with . or Enter, or press ? or * to list all spells.
Aiming: Magic Dart
Press: ? - help, Shift-Dir - straight line, f/p - orc
Aim: an orc, wielding a hand axe of venom (severely wounded)
The magic dart hits the orc.
The orc is almost dead.
You feel sick. The orc barely misses you.
Casting: Magic Dart
Confirm with . or Enter, or press ? or * to list all spells.
Aiming: Magic Dart
Press: ? - help, Shift-Dir - straight line, f/p - orc
Aim: an orc, wielding a hand axe of venom (almost dead)
You miscast Magic Dart.
You are very lightly contaminated with residual magic.
Sparks fly from your hands!
The orc hits you with a hand axe of venom.
You are lethally poisoned!
Casting: Magic Dart
Confirm with . or Enter, or press ? or * to list all spells.
Aiming: Magic Dart
Press: ? - help, Shift-Dir - straight line, f/p - orc
Aim: an orc, wielding a hand axe of venom (almost dead)
The magic dart hits the orc.
You kill the orc!
You feel sick.
You feel sick.
You see here a hand axe of venom.
m - a hand axe of venom
* * * LOW HITPOINT WARNING * * *
You feel sick.
The orc shouts!
You hear a shout!
Okay, then.
Wield which item (- for none, * to show all)? (? for menu, Esc to quit)
Your +2 hand axe of venom begins to drip with poison!
m - a +2 hand axe of venom (weapon)
* * * LOW HITPOINT WARNING * * *
You feel sick.
* * * LOW HITPOINT WARNING * * *
You feel sick.
You hit the orc.
The orc is poisoned.
You bite the orc. You drain its power.
You feel invigorated.
You kill the orc!
* * * LOW HITPOINT WARNING * * *
You feel sick.
* * * LOW HITPOINT WARNING * * *
You feel sick.
The orc wizard hits you but does no damage.
You see here a hand axe.
Unknown command.
You barely miss the orc wizard. You bite the orc wizard.
The orc wizard's magic leaks into the air.
You drain its magic.
You feel invigorated.
The orc wizard is lightly wounded.
* * * LOW HITPOINT WARNING * * *
You feel sick.
The orc wizard hits you but does no damage.
You hit the orc wizard.
The orc wizard is poisoned.
Your bite misses the orc wizard.
The orc wizard is lightly wounded.
The orc wizard hits you with a dagger.
You closely miss the orc wizard. Your bite misses the orc wizard.
The orc wizard is lightly wounded.
* * * LOW HITPOINT WARNING * * *
You feel sick. The orc wizard hits you with a dagger.
The orc wizard closely misses you.
You hit the orc wizard.
The orc wizard looks even sicker.
The orc wizard is moderately wounded.
* * * LOW HITPOINT WARNING * * *
You feel sick.
The orc wizard casts a spell.
The orc wizard seems to speed up.
You closely miss the orc wizard.
The orc wizard is moderately wounded.
* * * LOW HITPOINT WARNING * * *
You feel sick. The orc wizard closely misses you. x2
You hit the orc wizard. You bite the orc wizard.
The orc wizard's magic leaks into the air.
You drain its magic.
You feel invigorated.
The orc wizard is severely wounded.
The orc wizard falters for a moment.
The orc wizard closely misses you.
A kobold comes into view.
It is wielding an enchanted short sword.
You barely miss the orc wizard.
The orc wizard is severely wounded.
You die...

###### #.##<..K
.o #.....o# .#
#######@# ..
#.......# .#
#.####### .# #.#
.######
#.########......#
#.#....#......#
#.#.##.#)####.#
#.#.##.#.####
#...##.#....#


You could see an orc wizard and a kobold.

Vanquished Creatures
  An adder (D:2)
  A leopard gecko (D:1)
  2 orcs (D:3)
  2 giant cockroaches (D:2)
  A goblin (D:2)
  4 hobgoblins
  A ball python (D:2)
  2 bats (D:1)
  2 frilled lizards
  2 kobolds (D:1)
  3 rats
21 creatures vanquished.

Notes
Turn   | Place    | Note
-------+----------+-------------------------------------------
     0 | D:1      | tidbits the Vine Stalker Wizard began the quest for the Orb.
     0 | D:1      | Reached XP level 1. HP: 9/9 MP: 5/5
   211 | D:1      | Reached XP level 2. HP: 14/14 MP: 4/7
   271 | D:1      | Reached skill level 1 in Fighting
   271 | D:1      | Reached skill level 3 in Stealth
   392 | D:2      | Reached XP level 3. HP: 18/18 MP: 4/8
   489 | D:2      | You fall through a shaft!
   554 | D:3      | HP: 1/18 [poisoned by an orc]
   556 | D:3      | Succumbed to an orc's poison

Skill      XL: |  1  2 |
---------------+-------+-----
Fighting       | 1 |  1.6
Stealth        | 3 |  3.7
Dodging        | |  1.5
Spellcasting   | |  3.2
Conjurations   | |  1.0
Summonings     | |  1.0
Translocations | |  1.0

Action                   || total
-------------------------++-------
Melee: Dagger            ||    19
       Bite              ||     9
       Hand axe          ||     8
 Cast: Magic Dart        ||    44
  Use: Potion            ||     1
 Stab: Sleeping          ||     1
Armor: Robe              ||     1
       Leather armour    ||    12
Dodge: Dodged            ||    43

Table legend:
 A = Turns spent in this place as a percentage of turns spent in the entire game.
 B = Non-inter-level travel turns spent in this place as a percentage of non-inter-level travel turns spent in the entire game.
 C = Inter-level travel turns spent in this place as a percentage of turns spent in this place.
 D = Turns resting spent in this place as a percentage of non-inter-level travel turns spent in this place.
 E = Turns spent auto-exploring this place as a percentage of non-inter-level travel turns spent in this place.
 F = Non-inter-level travel turns spent in this place divided by the number of levels of this place that you've seen.
                   A       B       C       D       E      F
               +-------+-------+-------+-------+-------+----------------------
         Total | 100.0 | 100.0 |   4.3 |   0.0 |   0.0 | 177.3
       Dungeon | 100.0 | 100.0 |   4.3 |   0.0 |   0.0 | 177.3
               +-------+-------+-------+-------+-------+----------------------

Table legend:
 A = Kills in this place as a percentage of kills in entire the game.
 B = Kills by you in this place as a percentage of kills by you in the entire game.
 C = Kills by friends in this place as a percentage of kills by friends in the entire game.
 D = Other kills in this place as a percentage of other kills in the entire game.
 E = Experience gained in this place as a percentage of experience gained in the entire game.
 F = Experience gained in this place divided by the number of levels of this place that you have seen.
                   A       B       C       D       E      F
               +-------+-------+-------+-------+-------+----------------------
         Total | 100.0 | 100.0 |   N/A |   N/A | 100.0 |  16.0
       Dungeon | 100.0 | 100.0 |   N/A |   N/A | 100.0 |  16.0
               +-------+-------+-------+-------+-------+----------------------

Vault maps used:
D:1:      minmay_arrival_arboretum_large
D:2:      cheibrodos_old_hovel
